 Dungeon Crawl Stone Soup version 0.28.0-49-g6dfe1f597d (webtiles) character file.

Game seed: 14747103087524199995

46 Eitelfritz the Chopper (level 3, 0/30 HPs)
             Began as a Minotaur Gladiator on May 19, 2022.
             Slain by an adder (4 damage)
             ... on level 2 of the Dungeon.
             The game lasted 00:01:23 (1532 turns).

Eitelfritz the Chopper (Minotaur Gladiator)         Turns: 1532, Time: 00:01:24

Health: 0/30       AC:  3    Str: 18    XL:     3   Next: 46%
Magic:  2/2        EV: 12    Int:  7    God:
Gold:   40         SH:  0    Dex: 11    Spells: 2/2 levels left

rFire   . . .      SeeInvis .   a - +0 war axe
rCold   . . .      Faith    .   (no shield)
rNeg    . . .      Spirit   .   b - +0 leather armour
rPois   .          Reflect  .   c - +0 hat
rElec   .          Harm     .   (no cloak)
rCorr   .          Rampage  .   (no gloves)
Will    .....                   (no boots)
Stlth   +.........              (no amulet)
HPRegen 0.10/turn               (no ring)
MPRegen 0.08/turn               (no ring)

@: lethally poisoned (0 -> -2)
A: horns 2, retaliatory headbutt
a: no special abilities


You were on level 2 of the Dungeon.
You visited 1 branch of the dungeon, and saw 2 of its levels.

You collected 40 gold pieces.

Inventory:

Hand Weapons
 a - a +0 war axe (weapon)
Missiles
 d - 3 throwing nets (quivered)
Armour
 b - a +0 leather armour (worn)
 c - a +0 hat (worn)
Scrolls
 e - a scroll of identify {unknown}
 l - a scroll of enchant weapon {unknown}
 m - a scroll of blinking {unknown}
 n - 2 scrolls of enchant armour {unknown}
Potions
 f - 2 potions of degeneration {unknown}
 g - a potion of brilliance {unknown}
 h - a potion of haste {unknown}
 i - 3 potions of heal wounds {unknown}
 j - a potion of resistance {unknown}
 k - a potion of flight {unknown}


   Skills:
 + Level 2.9 Fighting
 + Level 4.5 Axes
 + Level 2.2 Throwing
 + Level 1.0 Armour
 + Level 3.5 Dodging
 + Level 0.3 Stealth


You had 2 spell levels left.
You didn't know any spells.
Your spell library was empty.

Dungeon Overview and Level Annotations

Branches:
Dungeon (2/15)

Altars:


Innate Abilities, Weirdness & Mutations

You have a pair of horns on your head.
You reflexively headbutt those who attack you in melee.


Message History

A quokka comes into view.
A bat and an adder come into view.
The bat misses you.
You closely miss the quokka. You headbutt the quokka.
The quokka is heavily wounded.
You miss the bat.
The adder hisses angrily.
The bat hits you but does no damage. x2; The quokka bites you.
You slash the bat!
You kill the bat!
You completely miss the quokka. The quokka closely misses you.
The quokka bites you but does no damage.
Your Armour skill increases to level 1!
The quokka barely misses you. The adder barely misses you.
You see here a bat corpse.
You barely miss the adder. You closely miss the quokka. The quokka bites you.
The adder bites you.
You are poisoned.
The adder poisons you!
You barely miss the adder. Your headbutt misses the adder.
You hit the quokka but do no damage.
You feel sick. The adder bites you.
You are more poisoned.
The adder poisons you! The quokka completely misses you.
You furiously retaliate!
You headbutt the quokka.
You kill the quokka!
The adder completely misses you.
You barely miss the adder. Your headbutt misses the adder.
You feel very sick. The adder bites you.
The adder bites you but does no damage.
You closely miss the adder.
You feel sick. The adder bites you.
* * * LOW HITPOINT WARNING * * *
You barely miss the adder. Your headbutt misses the adder.
* * * LOW HITPOINT WARNING * * *
You feel sick. The adder bites you but does no damage.
The adder closely misses you.
Unknown command.
You miss the adder. You headbutt the adder.
The adder is heavily wounded.
You feel sick. The adder bites you.
You die...

#......####........#..
####........#.......)#..
#....†#####.####........
#.....# .# #........
#.....#####.# ####.....
#.....#.....### #.....
#.............# #.....
#.............# ######
##.....@†.....#
#....S.......#
#............#
#............#
#............#
#............#
#.............
#.............


You could see an adder.

Vanquished Creatures
  An adder (D:2)
  A dart slug (D:2)
  4 bats
  2 endoplasms
  3 giant cockroaches (D:2)
  A goblin (D:1)
  5 hobgoblins
  3 jackals (D:1)
  3 quokkas
  2 ball pythons (D:1)
  A frilled lizard (D:1)
  6 rats
32 creatures vanquished.

Notes
Turn   | Place    | Note
-------+----------+-------------------------------------------
     0 | D:1      | Eitelfritz the Minotaur Gladiator began the quest for the
                  | Orb.
     0 | D:1      | Reached XP level 1. HP: 18/18 MP: 0/0
   253 | D:1      | Reached skill level 4 in Axes
   273 | D:1      | Reached XP level 2. HP: 25/25 MP: 1/1
  1107 | D:2      | Reached XP level 3. HP: 19/30 MP: 2/2
  1526 | D:2      | Reached skill level 1 in Armour
  1532 | D:2      | Slain by an adder

Illustrated notes

Levels and vault maps discovered:
D:1:      zelgadis_glass_arrival_small, layout_basic, kennysheep_boxes
D:2:      layout_basic

Skill      XL: |  1  2  3 |
---------------+----------+-----
Axes           | 4 |  4.5
Armour         | 1 |  1.0
Fighting       | |  2.9
Throwing       | |  2.2
Dodging        | |  3.5
Stealth        | |  0.3

Action                   || total
-------------------------++-------
Melee: War axe           ||    63
       Headbutt          ||     8
       Punch             ||     1
Armor: Leather armour    ||    27
Dodge: Dodged            ||    55
